 Dungeon Crawl Stone Soup version 0.31-b1-18-g61460d1e46 (webtiles) character file.

Game seed: 17011433911661856264

1793 DemonSlayer the Digger (level 8, -1/55 HPs)
             Began as a Demonspawn Earth Elementalist on Jan 16, 2024.
             Slain by a steam dragon (3 damage)
             ... on level 7 of the Dungeon.
             The game lasted 00:19:16 (7333 turns).

DemonSlayer the Digger (DsEE)                       Turns: 7333, Time: 00:19:17

Health: -1/55      AC:  7    Str: 14    XL:     8   Next: 82%
Magic:  0/17       EV: 12    Int: 17    God:
Gold:   335        SH:  0    Dex: 17    Spells: 4/19 levels left

rFire   . . .        f - +0 short sword
rCold   . . .        (no shield)
rNeg    . . .        n - +0 leather armour
rPois   .            (helmet restricted)
rElec   .            v - scarf {repulsion}
rCorr   .            (no gloves)
SInv    .            (no boots)
Will    .....        p - amulet of guardian spirit
Stlth   +++          s - +4 ring of protection
HPRegen 0.29/turn    C - +6 ring of strength
MPRegen 0.15/turn

%: repel missiles, guardian spirit
@: very slightly contaminated
A: antennae 1, thin skeletal structure 1, demonic guardian 1, spiny 1
a: no special abilities


You were on level 7 of the Dungeon.
You visited 2 branches of the dungeon, and saw 8 of its levels.
You also visited: Ossuary.

You collected 335 gold pieces.

Inventory:

Hand Weapons
 f - a +0 short sword (weapon)
Missiles
 c - 7 boomerangs
Armour
 n - a +0 leather armour (worn)
 v - a scarf of repulsion (worn)
Jewellery
 e - a ring of fire
 p - an amulet of guardian spirit (around neck)
 r - a ring of positive energy
 s - a +4 ring of protection (left hand)
 C - a +6 ring of strength (right hand)
Wands
 o - a wand of flame (40)
Scrolls
 a - 3 scrolls of poison {unknown}
 b - 2 scrolls of torment {unknown}
 d - 3 scrolls of enchant armour {unknown}
 h - 3 scrolls of teleportation
 l - a scroll of noise {unknown}
 t - a scroll of fear {unknown}
 u - a scroll of blinking {unknown}
Potions
 g - 2 potions of enlightenment
 i - 2 potions of haste
 j - 3 potions of resistance
 k - 3 potions of berserk rage
 m - 8 potions of curing
 q - 2 potions of heal wounds
 w - a potion of brilliance
 x - a potion of lignification {unknown}
 z - a potion of attraction {unknown}
 A - 2 potions of magic
 B - a potion of cancellation {unknown}


   Skills:
 + Level 1.7 Fighting
 + Level 2.8 Short Blades
 + Level 0.6 Throwing
 + Level 2.4 Armour
 + Level 2.7 Dodging
 + Level 3.9 Stealth
 + Level 6.0 Spellcasting
 + Level 2.4 Conjurations
 + Level 6.2 Earth Magic
 + Level 0.1 Evocations


You had 4 spell levels left.
You knew the following spells:

 Your Spells              Type           Power      Damage    Failure   Level
a - Sandblast             Erth           52%        2d12      1%          1
b - Stone Arrow           Conj/Erth      38%        3d9       8%          3
c - Brom's Barrelling Bo  Conj/Erth      19%        2d4       26%         4
d - Passwall              Erth           26%        N/A       3%          3
e - Petrify               Alch/Erth      15%        N/A       41%         4

Your spell library contained the following spells:

 Spells                   Type           Power      Damage    Failure   Level
 Mercury Vapours          Alch/Air       10%        N/A       24%         2
 Inner Flame              Hex/Fire       5%         N/A       43%         3
 Flame Wave               Conj/Fire      9%         2d6       67%         4
 Sticky Flame             Fire/Alch      5%         2d4       83%         4


Dungeon Overview and Level Annotations

Branches:
Dungeon (7/15)             Temple (1/1) D:6         Ossuary (visited)

Altars:
Ashenzari
Cheibriados
Fedhas
Gozag
Kikubaaqudgha
Makhleb
Qazlal
Ru
Sif Muna
Trog
Uskayaw
Vehumet
Wu Jian
Xom
Yredelemnul


Innate Abilities, Weirdness & Mutations

You have a pair of small antennae on your head.
You have a somewhat thin skeletal structure. (Dex +2, Stealth+)
A weak demonic guardian rushes to your aid.
You are partially covered in sharp spines.


Message History

Aim: a steam dragon (68% to hit)
The stone arrow misses the steam dragon.
The steam dragon bites you. The steam dragon closely misses you.
Unknown command.
Unknown command.
Casting: Stone Arrow (dangerous; 8% risk of failure)
Confirm with . or Enter, or press ? or * to list all spells.
Aiming: Stone Arrow (dangerous; 8% risk of failure)
Press: ? - help, Shift-Dir - straight line, f/p - steam dragon
Aim: a steam dragon (68% to hit)
The stone arrow hits the steam dragon!
The steam dragon is heavily wounded.
The steam dragon misses you. x2
You hit the steam dragon but do no damage.
The steam dragon is heavily wounded.
The steam dragon breathes steam at you. The ball of steam hits you!
* * * LOW HITPOINT WARNING * * *
A demonic guardian appears!
The steam dragon bites you.
* * * LOW HITPOINT WARNING * * *
The steam dragon claws you.
* * * LOW HITPOINT WARNING * * *
Unknown command.
Unknown command.
Unknown command.
You barely miss the steam dragon.
The steam dragon is heavily wounded.
Your iron imp hits the steam dragon.
The steam dragon breathes steam at your iron imp.
The ball of steam hits your iron imp.
Your iron imp resists.
You hit the steam dragon but do no damage.
The steam dragon is heavily wounded.
The steam dragon closely misses you. The steam dragon claws you.
Your iron imp barely misses the steam dragon.
You barely miss the steam dragon.
The steam dragon is heavily wounded.
The steam dragon bites you.
You die...

.# #[.# .# .# #.§# ###
#.. .# #..# .. ... .#
##.D# .##.## .#
#####...##.#...## <#
#........§§...... .#
#.###.###5.#...# .##
##.###.###D§##.### #.#
##.#.#.....@......#
.##
##.###...###.......#
#####.##
##..........#..
.......###...####.####
# ........#.#..# .#
.#######.##... .# .#
####.### ## .# #.# ##
#.#


You could see a steam dragon (catching breath, ally target) and a friendly iron
imp (summoned).

Vanquished Creatures
  Menkaure (Ossuary)
  2 water moccasins
  A black bear (D:6)
  An orc warrior (D:5)
  An ice beast (D:5)
  An ogre (D:6)
  A centaur (D:6)
  A bullfrog (D:7)
  3 scorpions
  2 bombardier beetles (D:5)
  3 howler monkeys (D:7)
  4 hounds
  A sleepcap (D:6)
  5 orc wizards
  A scorpion zombie (D:5)
  3 mummies (Ossuary)
  2 hound zombies (D:5)
  A hound skeleton (D:5)
  Robin (D:2)
  7 adders
  A shadow imp (D:5)
  2 adder zombies (D:5)
  5 ribbon worms
  11 orcs
  11 ball pythons
  8 bats
  5 endoplasms
  2 giant cockroaches (D:3)
  3 gnoll zombies (Ossuary)
  14 goblins
  11 hobgoblins
  11 jackals
  2 quokkas
  4 frilled lizards
  2 gnoll skeletons (Ossuary)
  2 goblin skeletons (Ossuary)
  7 goblin zombies (Ossuary)
  3 hobgoblin skeletons (Ossuary)
  5 hobgoblin zombies (Ossuary)
  5 kobolds
  4 kobold skeletons (Ossuary)
  3 kobold zombies (Ossuary)
  9 orc skeletons (Ossuary)
  5 orc zombies (Ossuary)
  3 rats
  5 rat skeletons (Ossuary)
  2 rat zombies (Ossuary)
187 creatures vanquished.

Notes
Turn   | Place    | Note
-------+----------+-------------------------------------------
     0 | D:1      | DemonSlayer the Demonspawn Earth Elementalist began the
                  | quest for the Orb.
     0 | D:1      | Reached XP level 1. HP: 13/13 MP: 3/3
    81 | D:1      | Gained mutation: You are partially covered in sharp spines.
                  | [demonic ancestry]
    81 | D:1      | Reached XP level 2. HP: 19/19 MP: 0/5
   364 | D:1      | Gained mutation: You have a somewhat thin skeletal
                  | structure. (Dex +2, Stealth+) [demonic ancestry]
   364 | D:1      | Reached XP level 3. HP: 24/24 MP: 2/6
   534 | D:1      | You fall into a shaft and drop 1 floor!
   550 | D:2      | Noticed Robin
   562 | D:2      | Killed Robin
  1294 | D:2      | Reached XP level 4. HP: 30/30 MP: 4/8
  1910 | D:2      | Learned a level 3 spell: Stone Arrow
  1915 | D:2      | Learned a level 4 spell: Brom's Barrelling Boulder
  2084 | D:3      | Found an opulent altar of Gozag.
  2738 | D:3      | Reached skill level 1 in Armour
  2738 | D:3      | Gained mutation: You have a pair of small antennae on your
                  | head. [demonic ancestry]
  2738 | D:3      | Reached XP level 5. HP: 36/36 MP: 9/9
  3342 | D:4      | Found a radiant altar of Vehumet.
  3904 | D:5      | Entered Level 5 of the Dungeon
  3912 | D:5      | Noticed an ice beast
  3920 | D:5      | Killed an ice beast
  3921 | D:5      | Reached XP level 6. HP: 42/42 MP: 10/12
  4004 | D:5      | Found a broken altar of Ashenzari.
  4050 | D:5      | Found a snail-covered altar of Cheibriados.
  4163 | D:5      | Found a sand-covered staircase.
  4170 | Ossuary  | Entered an ossuary
  4676 | Ossuary  | Reached skill level 1 in Short Blades
  4721 | Ossuary  | Learned a level 3 spell: Passwall
  4743 | Ossuary  | Gained mutation: A weak demonic guardian rushes to your
                  | aid. [demonic ancestry]
  4743 | Ossuary  | Reached XP level 7. HP: 47/47 MP: 9/13
  4787 | Ossuary  | Noticed Menkaure
  4792 | Ossuary  | Killed Menkaure
  4793 | Ossuary  | Reached skill level 1 in Fighting
  4808 | Ossuary  | Reached skill level 5 in Earth Magic
  5178 | D:5      | Found a bloodstained altar of Trog.
  5264 | D:5      | Found a shimmering blue altar of Sif Muna.
  5268 | D:5      | Got Sif Muna's Atlas of Breath
  5517 | D:5      | Found a burning altar of Makhleb.
  5534 | D:5      | Reached skill level 5 in Spellcasting
  5808 | D:5      | Learned a level 4 spell: Petrify
  6010 | D:6      | Reached XP level 8. HP: 51/54 MP: 3/15
  6125 | D:6      | Found an ornate altar of the Wu Jian Council.
  6296 | D:6      | Found a staircase to the Ecumenical Temple.
  6411 | D:6      | Found a hide-covered altar of Uskayaw.
  6416 | D:6      | Found a sacrificial altar of Ru.
  6872 | Temple   | Entered the Ecumenical Temple
  7330 | D:7      | HP: 1/55 [steam dragon (2)]
  7333 | D:7      | Slain by a steam dragon

Illustrated notes

Levels and vault maps discovered:
D:1:      lightli_arrival_maybe_door_vault, layout_rooms,
          nicolae_concentric_dashed_squares_mild, wad_floor_pattern_2
D:2:      layout_loops_ring, uniq_robin
D:3:      layout_rooms, nicolae_gozag_cash_rules_everything_around_me,
          marbit_many_paths, minmay_misc_feat_square, minmay_misc_feat_rugged,
          minmay_increasing_density
D:4:      layout_loops_ring, mainiacjoe_overflow_alcove_4, serial_bayou,
          serial_bayou_crossing, serial_bayou_pond_d, serial_bayou_lake_a,
          serial_bayou_lagoon_a
D:5:      layout_cave_pools, nzn_overflow_gifts_of_might_and_magic,
          cheibrodos_ashenzari_chains, mainiacjoe_overflow_paths,
          cheibrodos_worm_habitat, mainiacjoe_ossuary_entry_find_the_door
D:6:      layout_basic, nicolae_wu_jian_wuxing_cycle,
          nicolae_overflow_hidden_temple, mainiacjoe_overflow_big_doors,
          temple_doors_e, kennysheep_generic_room_3
D:7:      layout_loops_ring, jmf_multi_god_temple2, item_on_display_a
Temple:   nicolae_temple_bog_church

Skill      XL: |  1  2  3  4  5  6  7  8 |
---------------+-------------------------+-----
Earth Magic    | 3 4 5 6 |  6.2
Stealth        | 2 3 |  3.9
Spellcasting   | 3 4 5 6 |  6.0
Armour         | 1 2 |  2.4
Dodging        | 2 |  2.7
Short Blades   | 1 2 |  2.8
Fighting       | 1 |  1.7
Conjurations   | 2 |  2.4
Throwing       | |  0.6
Evocations     | |  0.1

Action                     |  1- 3 |  4- 6 |  7- 9 || total
---------------------------+-------+-------+-------++-------
  Melee: Short sword       |    12 |   115 |    71 ||   198
         Punch             |       |     1 |     2 ||     3
  Throw: Boomerang         |    19 |       |       ||    19
   Cast: Sandblast         |    49 |    98 |    19 ||   166
         Stone Arrow       |       |       |    33 ||    33
  Evoke: Wand              |       |     2 |       ||     2
    Use: Potion            |     1 |       |     2 ||     3
         Scroll            |       |     4 |     5 ||     9
   Stab: Sleeping          |     2 |     8 |     4 ||    14
         Distracted        |       |     1 |       ||     1
 Armour: Robe              |    20 |       |       ||    20
         Leather armour    |       |    70 |    57 ||   127
  Dodge: Dodged            |    22 |    66 |    59 ||   147
         Repelled          |       |     2 |     1 ||     3
